 Dungeon Crawl Stone Soup version 0.19.5 (webtiles) character file.

216 Monsterracer the Cudgeler (level 5, 0/57 HPs)
             Began as an Ogre Chaos Knight on July 6, 2017.
             Slain by a gnoll
             ... wielding a +0 spear
              (6 damage)
             ... on level 3 of the Dungeon.
             The game lasted 00:05:50 (2825 turns).

Monsterracer the Cudgeler (Ogre Chaos Knight)       Turns: 2825, Time: 00:05:51

Health: 0/57       AC:  8    Str: 17    XL:     5   Next: 93%
Magic:  14/14      EV: 11    Int: 11    God:    Xom [.*....]
Gold:   69         SH:  0    Dex: 10    Spells: 0 memorised, 4 levels left

rFire  . . .     SeeInvis .     a - +1 flail (protect)
rCold  . . .     Gourm    .     l - +2 robe
rNeg   . . .     Faith    .     (no shield)
rPois  .         Spirit   .     (helmet restricted)
rElec  .         Reflect  .     i - +2 cloak
rCorr  .         Harm     .     (gloves unavailable)
MR     .....                    (boots unavailable)
Stlth  +.........               (no amulet)
                                (no ring)
                                g - ring of magical power

@: lethally poisoned (0 -> -2)
A: unfitting armour, tough skin 1
a: Renounce Religion


You were on level 3 of the Dungeon.
You worshipped Xom.
You were a plaything of Xom.
You were hungry.

You visited 1 branch of the dungeon, and saw 3 of its levels.

You collected 69 gold pieces.

Inventory:

Hand Weapons
 a - a +1 flail of protection (weapon)
 b - a +0 mace of chaos
Armour
 i - a +2 cloak (worn)
 l - a +2 robe (worn)
Jewellery
 g - a ring of magical power (left hand)
Scrolls
 d - 3 scrolls of identify {unknown}
 e - 2 scrolls of recharging
 f - a scroll of enchant weapon {unknown}
 h - 2 scrolls of magic mapping
 m - a scroll of fog {unknown}
Comestibles
 c - a bread ration
 j - 5 chunks of flesh
 k - a meat ration


   Skills:
 + Level 5.4 Fighting
 * Level 6.4 Maces & Flails
 + Level 3.4 Dodging


You had 4 spell levels left.
You didn't know any spells.

Dungeon Overview and Level Annotations

Branches:
Dungeon (3/15)

Altars:
Cheibriados


Innate Abilities, Weirdness & Mutations

You are too large for most types of armour.
You have tough skin. (AC +1)


Message History

* * * LOW HITPOINT WARNING * * *
You are more poisoned.
The adder poisons you!
The kobold hits the plant but does no damage.
Damage: -2%(-1hp) hp: 16%(9hp) Unknown command.
You feel sick.
You feel sick. The adder bites you.
* * * LOW HITPOINT WARNING * * *
Huge Dmg: -3%(-2hp) hp: 13%(7hp)
The gnoll shouts!
You feel sick. The adder barely misses you.
Damage: -2%(-1hp) hp: 11%(6hp)
You feel sick.
The gnoll shouts! x2 "Get over here!"
The gnoll blinks!
The kobold blinks!
The adder blinks!
The gnoll closely misses you. The adder barely misses you.
The gnoll hits you with a spear.
You die...

##########################
........P................#
.[....P.....g§..@S..P....#
≈≈≈≈≈≈≈≈≈≈≈≈≈≈≈≈≈g≈≈≈....#
≈≈≈≈≈≈≈≈≈≈≈≈≈≈≈≈≈≈≈≈≈....#
≈≈≈≈≈≈≈≈≈≈≈≈≈≈#####≈≈..[.#
............K.#ggg#≈≈....#
###############.g[#≈≈P...#
,,,,,,,,,,,,,,#'###≈≈....#
**************#.#.≈≈≈....#
,8*,,,,,,,,,*,*,#.≈≈≈..P.#


You could see 6 gnolls, an adder and a kobold.

Vanquished Creatures
  Crazy Yiuf (D:2)
  Terence (D:2)
  4 gnolls
  5 adders
  An ooze (D:1)
  A dart slug (D:2)
  A leopard gecko (D:1)
  2 ball pythons (D:1)
  A giant cockroach (D:3)
  7 goblins
  9 hobgoblins
  19 jackals
  9 bats
  3 frilled lizards
  2 kobolds
  4 rats
70 creatures vanquished.

Vanquished Creatures (collateral kills)
  A kobold (D:3)
1 creature vanquished.

Grand Total: 71 creatures vanquished

Notes
Turn   | Place    | Note
-------+----------+-------------------------------------------
     0 | D:1      | Monsterracer the Ogre Chaos Knight began the quest for the Orb.
     0 | D:1      | Reached XP level 1. HP: 24/24 MP: 1/1
   261 | D:1      | Reached XP level 2. HP: 27/32 MP: 2/2
   667 | D:1      | XOM: divination: magic mapping
   680 | D:1      | Reached XP level 3. HP: 33/39 MP: 3/3
   813 | D:1      | Reached skill level 5 in Maces & Flails
  1358 | D:2      | Reached XP level 4. HP: 35/49 MP: 4/4
  1379 | D:2      | Noticed Terence
  1409 | D:2      | XOM: harmless Conj miscast
  1497 | D:2      | Killed Terence
  1974 | D:2      | Found a runed door.
  1988 | D:2      | Noticed Crazy Yiuf
  1997 | D:2      | Killed Crazy Yiuf
  1997 | D:2      | Reached XP level 5. HP: 37/55 MP: 5/5
  2109 | D:3      | Reached skill level 5 in Fighting
  2125 | D:3      | Reached skill level 6 in Maces & Flails
  2171 | D:3      | Found a snail-covered altar of Cheibriados.
  2228 | D:2      | XOM: divination: magic mapping
  2352 | D:2      | XOM: harmless Ice miscast
  2551 | D:3      | XOM: fog
  2556 | D:3      | XOM: confuse monster(s)
  2794 | D:3      | XOM: noise
  2796 | D:3      | XOM: summons friendly shadow imp
  2799 | D:3      | XOM: blink monster(s)
  2824 | D:3      | XOM: blink monster(s)
  2825 | D:3      | Slain by a gnoll

Skill      XL: |  1  2  3  4  5 |
---------------+----------------+-----
Maces & Flails | 5 6 |  6.4
Dodging        | 3 |  3.4
Fighting       | 5 |  5.4

Action                   |  1- 3 |  4- 6 || total
-------------------------+-------+-------++-------
Melee: Mace              |   102 |   102 ||   204
       Flail             |       |    79 ||    79
  Use: Potion            |     3 |     1 ||     4
       Scroll            |       |     2 ||     2
 Stab: Sleeping          |     3 |       ||     3
       Confused          |       |     1 ||     1
  Eat: Chunk             |     1 |     5 ||     6
Armor: Robe              |    51 |   109 ||   160
Dodge: Dodged            |    69 |   137 ||   206
